 Dungeon Crawl Stone Soup version 0.23.2-1-ga50397a6bc (webtiles) character file.

Game seed: 3234996252447385223

67846 Peloso the Fencer (level 14, -1/129 HPs)
             Began as a Minotaur Fighter on May 31, 2019.
             Was the Champion of Okawaru.
             Slain by a catoblepas (8 damage)
             ... while petrified by you
             ... on level 5 of the Lair of Beasts.
             The game lasted 01:08:11 (23194 turns).

Peloso the Fencer (Minotaur Fighter)               Turns: 23194, Time: 01:08:12

Health: -1/129     AC: 21    Str: 31    XL:     14   Next: 84%
Magic:  15/15      EV:  2    Int:  5    God:    Okawaru [******]
Gold:   2596       SH:  0    Dex: 10    Spells: 13/13 levels left

rFire    + + +     SeeInvis .   b - +4 scimitar (flame)
rCold    x . .     Gourm    .   c - +0 shield
rNeg     + + +     Faith    .   G - +0 plate armour {rF+}
rPois    ∞         Spirit   .   V - +0 hat {MR+}
rElec    +         Reflect  .   S - +0 cloak {+Inv}
rCorr    .         Harm     .   r - +0 pair of gloves of Kezuwk {rElec rF- Str+4}
MR       ++...                  z - +0 pair of boots of Action {rElec rF++ Str+4 Dex-3}
Stlth    ..........             y - amulet of the acrobat
HPRegen  0.31/turn              w - +5 ring of evasion
MPRegen  0.14/turn              A - ring of fire

@: petrified
A: retaliatory headbutt, horns 2
a: Heroism, Finesse, Renounce Religion, Evoke Invisibility


You were on level 5 of the Lair of Beasts.
You worshipped Okawaru.
Okawaru was exalted by your worship.
You were not hungry.

You visited 4 branches of the dungeon, and saw 23 of its levels.
You also visited: Ossuary and Gauntlet.

You collected 2596 gold pieces.

Inventory:

Hand Weapons
 a - a +3 demon blade
 b - a +4 scimitar of flaming (weapon)
 j - a +1 antimagic long sword
 M - a +0 demon whip
Armour
 c - a +0 shield (worn)
 r - the +0 pair of gloves of Kezuwk (worn) {rElec rF- Str+4}
   (You found it in a Gauntlet)

   It affects your strength (+4).
   It makes you vulnerable to fire.
   It insulates you from electricity.
 z - the +0 pair of boots of Action (worn) {rElec rF++ Str+4 Dex-3}
   (Okawaru gifted it to you on level 5 of the Lair of Beasts)

   It affects your strength (+4).
   It affects your dexterity (-3).
   It greatly protects you from fire.
   It insulates you from electricity.
 G - a +0 plate armour of fire resistance (worn)
 S - a +0 cloak of invisibility (worn)
 V - a +0 hat of magic resistance (worn)
Jewellery
 w - a +5 ring of evasion (left hand)
 y - an amulet of the acrobat (around neck)
 A - a ring of fire (right hand)
 I - an uncursed ring of ice
 N - the ring of the Hidden Lives {EV+2 Int+5 Dex-4 SInv}
   (You found it in a Gauntlet)

   [ring of evasion]

   It affects your evasion (+2).
   It affects your intelligence (+5).
   It affects your dexterity (-4).
   It lets you see invisible.
Wands
 i - a wand of disintegration (10)
 l - a wand of digging (11)
 m - a wand of paralysis (7)
Scrolls
 h - 10 scrolls of remove curse
 k - 11 scrolls of identify
 n - 4 scrolls of blinking
 p - 4 scrolls of magic mapping
 q - 7 scrolls of teleportation
 t - 2 scrolls of fog
 v - 6 scrolls of fear
 K - a scroll of noise
Potions
 d - 5 potions of might
 e - 4 potions of flight
 g - a potion of berserk rage
 o - a potion of agility
 s - 13 potions of curing
 u - 5 potions of heal wounds
 E - 2 potions of haste
Miscellaneous
 x - a sack of spiders
Comestibles
 f - 44 rations
 B - 2 chunks of flesh


   Skills:
 + Level 13.0 Fighting
 + Level 16.3 Long Blades
 + Level 14.0 Armour
 + Level 7.3 Dodging
 + Level 2.2 Stealth
 + Level 16.0 Shields
 + Level 2.8 Invocations
 + Level 1.8 Evocations


You had 13 spell levels left.
You didn't know any spells.
Your spell library contained the following spells:

 Spells                   Type           Power        Failure   Level  Hunger
 Animate Skeleton         Necr           N/A          96%         1    ##.....
 Flame Tongue             Conj/Fire      #....        96%         1    ##.....
 Pain                     Necr           #...         96%         1    ##.....
 Sandblast                Erth           #.....       96%         1    ##.....
 Sting                    Conj/Pois      #...         96%         1    ##.....
 Ensorcelled Hibernation  Hex/Ice        #.....       99%         2    ###....
 Passwall                 Tmut/Erth      #.......     99%         2    ###....
 Poisonous Vapours        Pois/Air       #.....       99%         2    ###....
 Gell's Gravitas          Tloc           #.........   100%        3    ####...
 Mephitic Cloud           Conj/Pois/Air  #.......     100%        3    ####...
 Portal Projectile        Hex/Tloc       #.....       100%        3    ####...
 Regeneration             Chrm/Necr      #.........   100%        3    ####...
 Stone Arrow              Conj/Erth      #.....       100%        3    ####...
 Vampiric Draining        Necr           #.........   100%        3    ####...
 Animate Dead             Necr           N/A          100%        4    #####..
 Cause Fear               Hex            #.........   100%        4    #####..
 Force Lance              Conj/Tloc      #.......     100%        4    #####..
 Ice Form                 Ice/Tmut       #.......     100%        4    #####..
 Leda's Liquefaction      Hex/Erth       #.........   100%        4    #####..
 Olgreb's Toxic Radiance  Pois           #.......     100%        4    #####..
 Petrify                  Tmut/Erth      #.......     100%        4    #####..
 Bolt of Magma            Conj/Fire/Erth #.........   100%        5    ######.
 Borgnjor's Vile Clutch   Necr/Erth      #.........   100%        5    ######.
 Lee's Rapid Deconstruct  Erth           #.........   100%        5    ######.
 Metabolic Englaciation   Hex/Ice        #.........   100%        5    ######.
 Silence                  Hex/Air        #.........   100%        5    ######.
 Venom Bolt               Conj/Pois      #.........   100%        5    ######.
 Bolt of Cold             Conj/Ice       #.........   100%        6    #######
 Bolt of Fire             Conj/Fire      #.........   100%        6    #######
 Darkness                 Hex            #.........   100%        6    #######
 Dispersal                Tloc           #.........   100%        6    #######
 Freezing Cloud           Conj/Ice/Air   #.........   100%        6    #######
 Iron Shot                Conj/Erth      #.........   100%        6    #######
 Ozocubu's Refrigeration  Ice            #.........   100%        6    #######
 Shadow Creatures         Summ           N/A          100%        6    #######
 Simulacrum               Ice/Necr       #.........   100%        6    #######
 Statue Form              Tmut/Erth      #........    100%        6    #######
 Dragon Form              Tmut           #.........   100%        7    #######
 Controlled Blink         Tloc           N/A          100%        8    #######
 Disjunction              Tloc           #.........   100%        8    #######
 Dragon's Call            Summ           #.........   100%        9    #######
 Shatter                  Erth           #.........   100%        9    #######


Dungeon Overview and Level Annotations

Branches:
Dungeon (15/15)            Temple (1/1) D:6            Lair (5/6) D:9
  Swamp (0/4) Lair:2        Snake (0/4) Lair:2        Slime (0/5) Lair:5
    Orc (2/2) D:9             Elf (0/3) Orc:2        Vaults (0/5) D:13
 Depths (0/5) D:15

Altars:
Ashenzari
Cheibriados
Dithmenos
Elyvilon
Fedhas
Gozag
Hepliaklqana
Makhleb
Nemelex Xobeh
Okawaru
Qazlal
Ru
Sif Muna
Trog
Uskayaw
Vehumet
Wu Jian
Xom
Yredelemnul
Zin
The Shining One
Jiyva

Shops:
D:13 :   D:15 *   Orc:2 *((%!

Annotations:
D:10 exclusion: 2 oklob plants


Innate Abilities, Weirdness & Mutations

You reflexively headbutt those who attack you in melee.
You have a pair of horns on your head.


Message History

You are engulfed in calcifying dust.
Your limbs have turned to stone.
The catoblepas gores you but does no damage.
You have turned to stone.
The catoblepas gores you!
* * * LOW HITPOINT WARNING * * *
The catoblepas gores you!
* * * LOW HITPOINT WARNING * * *
The catoblepas gores you.
* * * LOW HITPOINT WARNING * * *
The catoblepas gores you!
* * * LOW HITPOINT WARNING * * *
The catoblepas gores you.
* * * LOW HITPOINT WARNING * * *
The catoblepas breathes a plume of calcifying dust at you.
The blast of calcifying dust hits you!
* * * LOW HITPOINT WARNING * * *
You are engulfed in calcifying dust.
The catoblepas gores you.
* * * LOW HITPOINT WARNING * * *
You are engulfed in calcifying dust.
The catoblepas gores you!
You die...

..........÷...###
.............##
.............#
.......#.....##
......####....# #
# ......
##...P#.#.. .....
#......<... .#
##..†%......
.####Y@§§.......
..P..............
P...#............
.................
.................
#...............
###.#...........
###.........?.
...........


You could see a catoblepas.

Vanquished Creatures
  Gastronok (D:12)
  A balrug (Gauntlet)
  A minotaur (Gauntlet)
  An ettin (D:15)
  Harold (D:8)
  Fannar (D:10)
  2 ogre magi (D:15)
  2 vault guards (D:13)
  A hydra (D:13)
  Erica (D:8)
  Erolcha (Orc:2)
  3 centaur warriors
  6 two-headed ogres
  A tengu warrior (D:15)
  A death scarab (Gauntlet)
  A death yak (D:10)
  An orc high priest (Orc:2)
  Urug (D:11)
  A hell knight (D:15)
  2 unseen horrors
  The ghost of gnacko the Basher, a novice MiFi of Okawaru (D:6)
  A spectral hydra (Gauntlet)
  Pikel (D:9)
  A necromancer (Lair:3)
  4 lindwurms (D:9)
  3 deep elf magi
  4 ugly things
  A manticore (D:14)
  4 orc sorcerers (Orc:2)
  Maurice (D:12)
  6 elephants (Lair:4)
  A torpor snail (Gauntlet)
  2 gargoyles
  7 spiny frogs
  2 rime drakes (Lair:2)
  2 komodo dragons (Lair:5)
  3 trolls
  A polar bear (Lair:5)
  A queen bee (Lair:2)
  2 bog bodies (Lair:2)
  A merfolk (D:9)
  4 blink frogs (Lair:1)
  6 dream sheep (Lair:5)
  10 hippogriffs
  2 shadows
  4 wyverns
  A vampire (D:14)
  A wraith (D:14)
  Sigmund (D:3)
  9 humans (D:13)
  41 yaks
  A basilisk (Lair:2)
  A steam dragon (D:8)
  Menkaure (Ossuary)
  4 vampire mosquitoes
  A naga (Lair:2)
  2 soldier ants (D:11)
  8 water moccasins
  10 porcupines
  A phantom (D:10)
  4 ice beasts
  28 orc warriors
  8 sky beasts
  2 black bears (D:10)
  11 centaurs
  12 ogres
  2 eyes of draining (D:11)
  3 wolves
  A big kobold (D:10)
  8 crocodiles
  An elf zombie (Ossuary)
  12 bullfrogs
  Blork the orc (Orc:1)
  A gnoll sergeant (Orc:1)
  A wyvern skeleton (D:14)
  7 scorpions
  38 killer bees
  12 wights
  5 howler monkeys
  8 crimson imps
  An electric eel (D:10)
  3 centaur zombies
  4 hounds
  2 bullfrog zombies
  4 jellies
  27 orc priests
  Ijyb (D:3)
  4 centaur skeletons
  Jessica (D:3)
  5 bullfrog skeletons
  7 iguanas
  34 orc wizards
  9 worker ants
  3 yak simulacra (Lair:3)
  2 polar bear simulacra (Lair:3)
  A killer bee zombie (D:8)
  4 wolf simulacra (Lair:3)
  3 ogre zombies (Ossuary)
  6 mummies (Ossuary)
  3 gnolls (D:6)
  9 adders
  3 shadow imps
  2 white imps (D:10)
  An ufetubus (D:10)
  An ooze (D:2)
  8 adder zombies
  3 adder skeletons
  3 worms
  4 leopard geckos
  74 orcs
  3 ball pythons
  3 giant cockroaches
  8 goblins
  9 hobgoblins
  2 jackals (D:1)
  7 quokkas
  8 bats
  3 frilled lizards
  A goblin zombie (Ossuary)
  A hobgoblin zombie (Ossuary)
  14 kobolds
  7 kobold zombies (Ossuary)
  A leopard gecko zombie (D:5)
  A quokka skeleton (D:8)
  2 quokka zombies (Ossuary)
  5 rats
  7 rat zombies (Ossuary)
  2 river rat simulacra (Lair:3)
668 creatures vanquished.

Vanquished Creatures (others)
  A vault guard (D:13)
  A centaur (D:15)
  5 fungi
  A plant (D:9)
  2 withered plants (D:6)
10 creatures vanquished.

Grand Total: 678 creatures vanquished

Notes
Turn   | Place    | Note
-------+----------+-------------------------------------------
     0 | D:1      | Peloso the Minotaur Fighter began the quest for the Orb.
     0 | D:1      | Reached XP level 1. HP: 19/19 MP: 0/0
    97 | D:1      | Reached XP level 2. HP: 20/27 MP: 1/1
   584 | D:2      | Reached XP level 3. HP: 30/33 MP: 2/2
   919 | D:2      | Reached XP level 4. HP: 37/40 MP: 3/3
  1091 | D:2      | Found a hazy altar of Hepliaklqana.
  1169 | D:2      | Found a radiant altar of Vehumet.
  1446 | D:3      | Found an opulent altar of Gozag.
  1446 | D:3      | Noticed Ijyb
  1459 | D:3      | Killed Ijyb
  1668 | D:3      | Found a glowing golden altar of the Shining One.
  1706 | D:3      | Reached XP level 5. HP: 37/46 MP: 4/4
  1733 | D:3      | Reached skill level 1 in Dodging
  1757 | D:3      | Found a blossoming altar of Fedhas.
  1768 | D:3      | Noticed Jessica
  1772 | D:3      | Killed Jessica
  1854 | D:3      | Noticed Sigmund
  1867 | D:3      | Killed Sigmund
  1867 | D:3      | Reached skill level 5 in Long Blades
  1867 | D:3      | Reached skill level 5 in Armour
  1867 | D:3      | Reached skill level 5 in Shields
  1867 | D:3      | Reached XP level 6. HP: 42/53 MP: 5/5
  2104 | D:3      | Found a shimmering altar of Xom.
  2545 | D:4      | Reached XP level 7. HP: 60/60 MP: 6/6
  2908 | D:4      | Found a deep blue altar of Sif Muna.
  3207 | D:5      | Entered Level 5 of the Dungeon
  3327 | D:5      | Reached skill level 5 in Fighting
  3327 | D:5      | Reached XP level 8. HP: 54/68 MP: 7/7
  3878 | D:6      | Found a staircase to the Ecumenical Temple.
  3888 | Temple   | Entered the Ecumenical Temple
  3983 | Temple   | Became a worshipper of Warmaster Okawaru
  4254 | D:6      | Found a shattered altar of Ashenzari.
  4549 | D:6      | Found a runed translucent door.
  4549 | D:6      | Noticed gnacko's ghost (novice MiFi)
  4568 | D:6      | Reached XP level 9. HP: 75/75 MP: 8/8
  4585 | D:6      | Reached * piety under Okawaru
  4592 | D:6      | Reached skill level 1 in Stealth
  5283 | D:6      | Killed gnacko's ghost
  5283 | D:6      | Reached ** piety under Okawaru
  5283 | D:6      | Reached skill level 10 in Long Blades
  5483 | D:7      | Found a burning altar of Makhleb.
  5666 | D:7      | Reached skill level 5 in Dodging
  5831 | D:7      | Found a sand-covered staircase.
  5839 | Ossuary  | Entered an ossuary
  6250 | Ossuary  | Noticed Menkaure
  6262 | Ossuary  | Killed Menkaure
  6262 | Ossuary  | Reached XP level 10. HP: 73/84 MP: 9/9
  6354 | D:7      | Reached *** piety under Okawaru
  6724 | D:8      | Noticed Erica
  6739 | D:8      | Killed Erica
  6812 | D:8      | Noticed Harold
  6823 | D:8      | Killed Harold
  6823 | D:8      | Reached **** piety under Okawaru
  6927 | D:8      | Noticed a two-headed ogre
  6944 | D:8      | Killed a two-headed ogre
  6944 | D:8      | Reached skill level 10 in Shields
  7228 | D:9      | Reached ***** piety under Okawaru
  7300 | D:9      | Reached XP level 11. HP: 94/94 MP: 10/10
  7448 | D:9      | Noticed Pikel
  7457 | D:9      | Killed Pikel
  7474 | D:9      | Found a staircase to the Lair.
  7563 | D:9      | You fall through a shaft!
  7563 | D:10     | Entered Level 10 of the Dungeon
  7655 | D:10     | Noticed a two-headed ogre
  7662 | D:10     | Killed a two-headed ogre
  7814 | D:10     | Noticed Fannar
  7825 | D:10     | Killed Fannar
  7905 | D:10     | Noticed a death yak
  7922 | D:10     | Killed a death yak
  7922 | D:10     | Received a gift from Okawaru
  7969 | D:10     | Got a smoking fustibalus {god gift}
  8596 | D:10     | Found a blossoming altar of Fedhas.
  8598 | D:10     | Noticed an oklob plant
  8598 | D:10     | Noticed an oklob plant
  8828 | D:11     | Noticed Urug
  8851 | D:11     | Killed Urug
  9147 | D:11     | Noticed a brown ugly thing
  9173 | D:11     | Killed a brown ugly thing
  9192 | D:11     | Noticed a two-headed ogre
  9198 | D:11     | Killed a two-headed ogre
  9198 | D:11     | Reached skill level 10 in Armour
  9212 | D:11     | Reached skill level 1 in Invocations
  9331 | D:11     | Reached XP level 12. HP: 104/104 MP: 11/11
  9565 | D:11     | Identified the +5 fustibalus of Qaesmyu {freeze, rElec rF+
                  | Dex+4 Stlth+} (Okawaru gifted it to you on level 10 of the
                  | Dungeon)
  9636 | Lair:1   | Entered Level 1 of the Lair of Beasts
  9762 | Lair:1   | Reached ****** piety under Okawaru
  9777 | Lair:1   | Received a gift from Okawaru
 10770 | Lair:2   | Found a staircase to the Snake Pit.
 10868 | Lair:2   | You fall through a shaft!
 10900 | Lair:2   | Reached skill level 10 in Fighting
 10973 | Lair:2   | Found a staircase to the Swamp.
 11407 | Lair:2   | Received a gift from Okawaru
 13579 | D:9      | Found a staircase to the Orcish Mines.
 13823 | D:9      | Reached XP level 13. HP: 90/115 MP: 13/13
 13825 | D:9      | Reached skill level 1 in Evocations
 13837 | D:9      | Received a gift from Okawaru
 13837 | D:9      | Reached skill level 15 in Long Blades
 14492 | D:12     | You fall through a shaft for 3 floors!
 14492 | D:15     | Entered Level 15 of the Dungeon
 14519 | D:14     | Found a gate leading to a gauntlet.
 14528 | Gauntlet | Entered a Gauntlet
 14528 | Gauntlet | Found a runed translucent gate.
 14528 | Gauntlet | Found a transporter.
 14528 | Gauntlet | Found a transporter.
 14528 | Gauntlet | Found a transporter.
 14531 | Gauntlet | Found a runed translucent gate.
 14532 | Gauntlet | Found a runed translucent gate.
 14539 | Gauntlet | Found a transporter.
 14542 | Gauntlet | Found a transporter.
 14553 | Gauntlet | Found a transporter.
 14555 | Gauntlet | Found a transporter.
 14557 | Gauntlet | Found a runed translucent door.
 14557 | Gauntlet | Found a runed translucent door.
 14561 | Gauntlet | Found a transporter.
 14571 | Gauntlet | Noticed a balrug
 14580 | Gauntlet | Found a transporter.
 14585 | Gauntlet | Found a transporter.
 14588 | Gauntlet | Found a transporter.
 14599 | Gauntlet | Found a transporter.
 14753 | Gauntlet | Got a pair of crude gloves
 14759 | Gauntlet | Identified the cursed +0 pair of gloves of Kezuwk {rElec
                  | rF- Str+4} (You found it in a Gauntlet)
 14866 | Gauntlet | Killed a balrug
 14888 | Gauntlet | Got a translucent iron ring
 14892 | Gauntlet | Identified the ring of the Hidden Lives {EV+2 Int+5 Dex-4
                  | SInv} (You found it in a Gauntlet)
 14917 | Gauntlet | Noticed a minotaur
 14937 | Gauntlet | Killed a minotaur
 14937 | Gauntlet | Received a gift from Okawaru
 15878 | D:12     | Noticed Maurice
 15891 | D:12     | Killed Maurice
 16132 | D:12     | Noticed Gastronok
 16141 | D:12     | Killed Gastronok
 16586 | D:13     | Found Cenleyx's Book Shoppe.
 16818 | D:13     | Found a gate to the Vaults.
 17464 | D:14     | Found a shattered altar of Ashenzari.
 17478 | D:14     | Received a gift from Okawaru
 17748 | D:15     | Reached XP level 14. HP: 112/126 MP: 15/15
 18346 | D:15     | Found Wuwud's Assorted Antiques.
 18598 | D:15     | Reached skill level 15 in Shields
 18957 | D:15     | Found a staircase to the Depths.
 19313 | Orc:1    | Entered Level 1 of the Orcish Mines
 19349 | Orc:1    | Noticed Blork the orc
 19357 | Orc:1    | Killed Blork the orc
 19535 | Lair:1   | Identified a scroll of acquirement
 19864 | Orc:2    | Entered Level 2 of the Orcish Mines
 19932 | Orc:2    | Found a staircase to the Elven Halls.
 20030 | Orc:2    | Noticed Erolcha
 20042 | Orc:2    | Killed Erolcha
 20074 | Orc:2    | Received a gift from Okawaru
 20122 | Orc:2    | HP: 1/127 [orc priest/divine providence (15)]
 20450 | Orc:2    | Paralysed by an orc sorcerer for 3 turns
 20495 | Orc:2    | Found Xuacabov's Food Emporium.
 20495 | Orc:2    | Found Otif Neo's Antique Weapon Shoppe.
 20498 | Orc:2    | Found Ciesol's Antique Weapon Shoppe.
 20525 | Orc:2    | Found Soziohuxt's Distillery.
 20762 | Orc:2    | Found a burning altar of Makhleb.
 20826 | Orc:2    | Found Jaugoru's General Store.
 22561 | Lair:5   | Received a gift from Okawaru
 22592 | Lair:5   | Got a pair of polished boots {god gift}
 22603 | Lair:5   | Identified the +0 pair of boots of Action {rElec rF++ Str+4
                  | Dex-3} (Okawaru gifted it to you on level 5 of the Lair of
                  | Beasts)
 22942 | Lair:5   | Found a viscous altar of Jiyva.
 22943 | Lair:5   | Found a staircase to the Slime Pits.
 23194 | Lair:5   | Slain by a catoblepas

Skill      XL: |  1  2  3  4  5  6  7  8  9 10 11 12 13 14 |
---------------+-------------------------------------------+-----
Armour         | 4 5 6 7 9 10 11 12 14 | 14.0
Shields        | 4 5 7 8 10 11 13 14 16 | 16.0
Fighting       | 4 5 6 8 9 10 12 13 | 13.0
Long Blades    | 3 5 6 7 9 10 12 14 15 16 | 16.3
Dodging        | 1 2 3 5 6 7 |  7.3
Stealth        | 1 2 |  2.2
Invocations    | 1 2 |  2.8
Evocations     | 1 |  1.8

Action                   |  1- 3 |  4- 6 |  7- 9 | 10-12 | 13-15 || total
-------------------------+-------+-------+-------+-------+-------++-------
Melee: Long sword        |    80 |    85 |       |       |       ||   165
       Headbutt          |    14 |    16 |    93 |   156 |   197 ||   476
       Falchion          |       |     9 |   200 |       |       ||   209
       Scimitar          |       |       |   218 |   629 |   604 ||  1451
       Demon blade       |       |       |       |       |   129 ||   129
Invok: Heroism           |       |       |     1 |     6 |     3 ||    10
       Finesse           |       |       |       |       |     1 ||     1
Evoke: Wand              |       |       |       |     8 |    11 ||    19
  Use: Scroll            |       |       |    11 |    15 |     8 ||    34
       Potion            |       |       |       |       |     5 ||     5
  Eat: Chunk             |       |     5 |    11 |    16 |    23 ||    55
       Ration            |       |       |       |     3 |     2 ||     5
Armor: Scale mail        |    60 |    28 |    47 |       |       ||   135
       Chain mail        |       |       |    26 |       |       ||    26
       Storm dragon scal |       |       |       |   124 |       ||   124
       Plate armour      |       |       |       |     1 |   188 ||   189
Dodge: Dodged            |    28 |    37 |   201 |   352 |   381 ||   999
Block: Shield            |    51 |    49 |   194 |   369 |   537 ||  1200
       Rpst.: Long sword |     7 |     9 |       |       |       ||    16
       Falchion          |       |     1 |    34 |       |       ||    35
       Scimitar          |       |       |    21 |    83 |    61 ||   165
       Demon blade       |       |       |       |       |     9 ||     9
